 Dungeon Crawl Stone Soup version 0.28-a0-604-g249bb1af34 (webtiles) character file.

Game seed: 6195182339995144024

7 CurlyBrace the Sneak (level 1, -2/8 HPs)
             Began as a Felid Fire Elementalist on Oct 5, 2021.
             Slain by a water moccasin skeleton (6 damage)
             ... on level 4 of the Dungeon.
             The game lasted 00:03:34 (268 turns).

CurlyBrace the Sneak (Felid Fire Elementalist)       Turns: 268, Time: 00:03:35

Health: -2/8       AC:  1    Str:  4    XL:     1   Next: 91%
Magic:  4/4        EV:  9    Int: 16    God:
Gold:   6          SH:  0    Dex: 16    Spells: 3/4 levels left
                                        Lives:  0   Deaths: 0

rFire   . . .      SeeInvis +   (weapon unavailable)
rCold   . . .      Faith    .   (shield unavailable)
rNeg    . . .      Spirit   .   (armour unavailable)
rPois   .          Reflect  .   (helmet unavailable)
rElec   .          Harm     .   (cloak unavailable)
rCorr   .          Rampage  .   (gloves unavailable)
Will    .....                   (boots unavailable)
Stlth   ++........              (no amulet)
HPRegen 0.02/turn               (no ring)
MPRegen 0.09/turn               (no ring)

@: held, hasted, very quick
A: very small, claws 1, fangs 3, see invisible, speed 1, shaggy fur 1, stealthy
paws, no weapons or thrown items, no armour, multi-lived
a: no special abilities


You were on level 4 of the Dungeon.
You visited 1 branch of the dungeon, and saw 5 of its levels.

You collected 6 gold pieces.

Inventory:

Scrolls
 b - a scroll of teleportation {unknown}
 c - a scroll of magic mapping {unknown}


   Skills:
 * Level 0.7 Fighting
 + Level 2.8 Dodging
 + Level 2.9 Stealth
 * Level 0.7 Unarmed Combat
 - Level 2.0 Spellcasting
 - Level 0.8 Conjurations
 - Level 2.6 Fire Magic


You had 3 spell levels left.
You knew the following spells:

 Your Spells              Type           Power      Damage    Failure   Level
a - Foxfire               Conj/Fire      28%        2x1d5     10%         1

Your spell library contained the following spells:

 Spells                   Type           Power      Damage    Failure   Level
 Scorch                   Fire           20%        2d6       11%         2
 Conjure Flame            Conj/Fire      7%         6-21      30%         3
 Inner Flame              Hex/Fire       5%         N/A       34%         3
 Flame Wave               Conj/Fire      7%         3d4       69%         4


Dungeon Overview and Level Annotations

Branches:
Dungeon (5/15)
 Temple: D:4-7

Altars:
Hepliaklqana

Shops:
D:1 [

Annotations:
D:3 Terence


Innate Abilities, Weirdness & Mutations

You have sharp claws.
You have razor-sharp teeth.
You have supernaturally acute eyesight. (SInv)
You cover ground quickly. (Speed+)
You are covered in fur. (AC +1)
Your paws help you pounce on unaware monsters.
You are incapable of wielding weapons or throwing items.
You cannot wear armour.
You gain extra lives every three experience levels.


Message History

The water moccasin skeleton barely misses you.
You scratch the kobold.
You kill the kobold!
The water moccasin skeleton barely misses you.
Things that are here:
a +0 dagger; a kobold corpse
There is a stone staircase leading down here.
The water moccasin skeleton misses you.
You climb downwards.
Found a hazy altar of Hepliaklqana.
There is a stone staircase leading up here.
Unknown command.
The orc priest shouts! x2; The orc wizard shouts!
You climb upwards.
You hear the sound of rushing water.
There is an entrance to a sewer on this level.
Hurry and find it before the portal rusts away!
The water moccasin skeleton bites you.
Ouch! That really hurt!
The water moccasin skeleton closely misses you.
There is a stone staircase leading down here.
Unknown command.
Okay, then.
Unknown command.
Things that are here:
a +0 dagger; a kobold corpse You hear the slow rusting of a very distant drain.
A gnoll comes into view. It is wielding a +0 halberd.
A gnoll comes into view. It is wielding a +0 spear.
The gnoll shouts! x2
You feel yourself speed up.
The gnoll throws a throwing net.
The throwing net hits you.
You become entangled in the net!
You see here a throwing net.
As you read the scroll labelled YDAAGYTEOSK, it crumbles to dust.
You hear a loud clanging noise!
It was a scroll of noise.
You hear a shout! x2
The water moccasin skeleton bites you.
Ouch! That really hurt!
You die...

#.# #.# #g#
#####.## #g#
#......######
###.###
#.##......)..
#.....#
#.#.....#####
#.....# #.##.#.##
#.....###.#.###.#
#..Z.........#.##
#...@.###.##...#
####### #.####.#
#......# ########


You could see 2 gnolls and a water moccasin skeleton.

Vanquished Creatures
  2 endoplasms
  A giant cockroach (D:2)
  A hobgoblin (D:1)
  A ball python (D:2)
  A kobold (D:4)
  A rat (D:1)
7 creatures vanquished.

Vanquished Creatures (others)
  16 foxfires
16 creatures vanquished.

Grand Total: 23 creatures vanquished

Notes
Turn   | Place    | Note
-------+----------+-------------------------------------------
     0 | D:1      | CurlyBrace the Felid Fire Elementalist began the quest for
                  | the Orb.
     0 | D:1      | Reached XP level 1. HP: 7/7 MP: 4/4
   133 | D:1      | Found Yticuu's Armour Shop.
   185 | D:3      | Noticed Terence
   234 | D:5      | Entered Level 5 of the Dungeon
   234 | D:5      | Noticed an orc priest
   234 | D:5      | Noticed an orc wizard
   234 | D:5      | Noticed an orc priest
   234 | D:5      | Noticed a water moccasin zombie
   234 | D:5      | Found a hazy altar of Hepliaklqana.
   268 | D:4      | Slain by a water moccasin skeleton

Illustrated notes

Levels and vault maps discovered:
D:1:      dpeg_arrival_solitude, layout_basic, serial_shops, shop, shop,
          nicolae_shop_waterfront, nicolae_lakefront_shop,
          minmay_split_cup_small
D:2:      layout_rooms, ebering_ecumenical_altar_box
D:3:      layout_basic, serial_shops, nicolae_shop_trees, uniq_terence
D:4:      layout_loops_corners, gammafunk_ghost_stat_death,
          gup_sewer_entry_spiral, hangedman_decor_riveting, skrybe_limestone_x,
          grunt_ministairs_1
D:5:      layout_basic, general_overflow_altar, lemuel_round_altar

Action                   || total
-------------------------++-------
Melee: Unarmed           ||     8
 Cast: Foxfire           ||    10
  Use: Potion            ||     2
       Scroll            ||     1
Dodge: Dodged            ||    10

Table legend: (Time is in decaauts)
 A = Elapsed time spent in this place.
 B = Non-inter-level travel time spent in this place.
 C = Inter-level travel time spent in this place.
 D = Time resting spent in this place.
 E = Time spent auto-exploring this place.
 F = Levels seen in this place.
 G = Mean time per level.
                   A        B        C        D        E       F      G
               +--------+--------+--------+--------+--------+-----+--------+
         Total |    206 |    206 |      0 |      0 |      0 |   5 |   41.2 |
       Dungeon |    206 |    206 |      0 |      0 |      0 |   5 |   41.2 |
               +--------+--------+--------+--------+--------+-----+--------+

Top non-repeatable levels by time:
     D:1: 91 daAuts
     D:4: 58 daAuts
     D:2: 41 daAuts
     D:3: 13 daAuts
     D:5: 1 daAuts
